 Dungeon Crawl Stone Soup version 0.31-a0-358-gac0dbeb3ab (webtiles) character file.

Game seed: 3201797369543614498

275 Bnni the Changeling (level 6, -4/42 HPs)
             Began as an Octopode Shapeshifter on July 25, 2023.
             Was an Initiate of Gozag.
             Slain by a gnoll bouda
             ... wielding a +0 club
              (13 damage)
             ... on level 4 of the Dungeon.
             The game lasted 00:03:32 (2471 turns).

Bnni the Changeling (Octopode Shapeshifter)         Turns: 2471, Time: 00:03:33

Health: -4/42      AC:  1    Str: 14    XL:     6   Next: 24%
Magic:  6/6        EV: 13    Int: 10    God:    Gozag
Gold:   513        SH:  0    Dex: 15    Spells: 5/5 levels left

rFire   . . .        p - +2 whip (elec)
rCold   . . .        (no shield)
rNeg    . . .        (helmet currently unavailable)
rPois   .            (no amulet)
rElec   .            (no ring)
rCorr   .            (no ring)
SInv    .            (no ring)
Will    .....        (no ring)
Stlth   ++           (no ring)
HPRegen 0.27/turn    (no ring)
MPRegen 0.10/turn    (no ring)
                     (no ring)

%: no passive effects
@: beast-form, weakened, gold aura
A: beast (slay +3), almost no armour, amphibious, 8 rings, camouflage 1,
gelatinous body 1, (nimble swimmer 1), tentacles
a: Begin Untransformation, Renounce Religion, Potion Petition, Call Merchant,
Bribe Branch


You were on level 4 of the Dungeon.
You worshipped Gozag.
Gozag was pleased with you.
You were a hulking beast.
You visited 1 branch of the dungeon, and saw 4 of its levels.

You collected 513 gold pieces.

Inventory:

Hand Weapons
 p - a +2 whip of electrocution (weapon)
Missiles
 h - 4 poisoned darts
Talismans
 b - a beast talisman
Scrolls
 e - 2 scrolls of teleportation {unknown}
 l - 2 scrolls of immolation {unknown}
 m - a scroll of vulnerability {unknown}
 n - a scroll of enchant weapon
 q - a scroll of noise {unknown}
Potions
 a - a potion of lignification
 c - a potion of curing
 d - a potion of magic {unknown}
 f - 2 potions of mutation
 g - a potion of might {unknown}
 j - a potion of haste {unknown}
 k - 4 potions of degeneration {unknown}
 o - a potion of cancellation {unknown}
 r - 2 potions of resistance {unknown}


   Skills:
 + Level 3.0 Fighting
 - Level 2.0 Dodging
 + Level 4.1 Unarmed Combat
 * Level 4.7 Shapeshifting


You had 5 spell levels left.
You didn't know any spells.
Your spell library was empty.

Dungeon Overview and Level Annotations

Branches:
Dungeon (4/15)
 Temple: D:4-7

Altars:
Gozag
Makhleb

Annotations:
D:4 1 transporter


Innate Abilities, Weirdness & Mutations

You are a hulking beast.
Your limbs bulge with bestial killing power. (Slay +3)
You cannot wear most types of armour.
You are amphibious.
You can wear up to eight rings at the same time.
Your skin changes colour to match your surroundings (Stealth+).
Your rubbery body absorbs attacks. (AC +1, EV +1)
((You are camouflaged when in or above water. (Stealth+)))
You have tentacles for arms and can constrict up to eight enemies at once.


Message History

A worm comes into view.
You closely miss the gnoll. Your grab misses the gnoll. You squeeze the gnoll.
The gnoll is severely wounded.
The gnoll hits you with a +0 club!
You hit the gnoll. Lightning courses through the gnoll!
You kill the gnoll!
The gnoll hits you from afar with a +0 spear!
* * * LOW HITPOINT WARNING * * *
The gnoll bouda barks out a call to the hunt!
The gnolls pick up the pace!
Unknown command.
You feel much better. The gnoll closely misses you.
The gnoll hits you with a +0 flail!
You barely miss the gnoll. You grab the gnoll. You constrict the gnoll.
The gnoll hits you from afar with a +0 spear!
The gnoll is distracted by your dazzling golden aura.
The gnoll barely misses you.
You release your grip on the gnoll.
The gnoll bouda gazes fiercely through you!
You feel your attacks grow feeble. The gnoll closely misses you.
The gnoll shouts!
You hit the gnoll. Lightning courses through the gnoll!!
You kill the gnoll!
The gnoll closely misses you. The gnoll barely misses you.
You hit the gnoll. Lightning courses through the gnoll!!
You kill the gnoll!
Your attacks no longer feel as feeble.
The gnoll bouda gazes fiercely through you!
You feel your attacks grow feeble. The gnoll bouda closely misses you.
The gnoll bouda hits you with a +0 club!
* * * LOW HITPOINT WARNING * * *
You hit the gnoll bouda. You grab the gnoll bouda.
The gnoll bouda is lightly wounded.
You constrict the gnoll bouda.
The gnoll bouda hits you with a +0 club!
You die...
Your body crumbles into a pile of gold.

######## #...#...
## ### ###.#.##
!... .g ##++#
####.#.## ...#.#.
###...# #.##....<
#.....##.....#
#......##
#.g$$g....#
######...
#####.##g##[.#
#...#
......$h.....#
#...#
#####.##.#...#
#...# #. #.#..>#
#...# #.
#.....#######...#
#.
###..###.........
..
#..............
##.###.........
#># ######...#
#.# #...#


You could see a gnoll bouda and a gnoll (swift).

Vanquished Creatures
  An orc priest (D:4)
  An iguana (D:4)
  11 gnolls
  4 adders
  2 worms
  2 dart slugs (D:1)
  3 orcs (D:3)
  7 endoplasms
  2 giant cockroaches (D:3)
  6 goblins
  4 hobgoblins
  5 jackals
  A quokka (D:1)
  8 ball pythons
  3 bats
  2 frilled lizards
  5 kobolds
  6 rats
73 creatures vanquished.

Notes
Turn   | Place    | Note
-------+----------+-------------------------------------------
     0 | D:1      | Bnni the Octopode Shapeshifter began the quest for the Orb.
     0 | D:1      | Reached XP level 1. HP: 13/13 MP: 1/1
   165 | D:1      | Found a faded altar of an unknown god.
   174 | D:1      | Prayed at the altar of an unknown god.
   174 | D:1      | Became a worshipper of Gozag Ym Sagoz the Greedy
   245 | D:1      | Reached XP level 2. HP: 18/18 MP: 2/2
   565 | D:1      | Reached XP level 3. HP: 22/23 MP: 3/3
  1192 | D:2      | Reached XP level 4. HP: 26/29 MP: 4/4
  1824 | D:3      | Found a burning altar of Makhleb.
  1909 | D:3      | Reached XP level 5. HP: 27/35 MP: 5/5
  2372 | D:4      | Found a transporter.
  2374 | D:4      | Reached XP level 6. HP: 36/42 MP: 6/6
  2471 | D:4      | Slain by a gnoll bouda

Illustrated notes

Levels and vault maps discovered:
D:1:      erik_arrival_blinker_ship, layout_loops_ring,
          ebering_ecumenical_altar_sacrificial
D:2:      layout_loops_ring, bh_walls_and_bars
D:3:      layout_rooms, mainiacjoe_overflow_cross_hatched,
          minmay_misc_feat_rugged
D:4:      layout_loops_cross, mainiacjoe_overflow_concentric_impassable,
          gammafunk_ghost_stat_death, kennysheep_generic_room_6, uniq_grinder

Skill      XL: |  1  2  3  4  5 |
---------------+----------------+-----
Fighting       | 2 3 |  3.0
Shapeshifting  | 4 |  4.7
Unarmed Combat | 4 |  4.1
Dodging        | |  2.0

Action                     |  1- 3 |  4- 6 || total
---------------------------+-------+-------++-------
  Melee: Unarmed           |    67 |     6 ||    73
         Constrict         |    15 |    22 ||    37
         Tentacles         |    12 |     8 ||    20
         Whip              |       |    66 ||    66
         Punch             |       |     3 ||     3
    Use: Scroll            |       |     4 ||     4
         Potion            |       |     2 ||     2
   Stab: Sleeping          |     9 |     8 ||    17
 Armour: Skin              |     3 |     3 ||     6
  Dodge: Dodged            |    28 |    49 ||    77

Table legend: (Time is in decaauts)
 A = Elapsed time spent in this place.
 B = Non-inter-level travel time spent in this place.
 C = Inter-level travel time spent in this place.
 D = Time resting spent in this place.
 E = Time spent auto-exploring this place.
 F = Levels seen in this place.
 G = Mean time per level.
                   A        B        C        D        E       F      G
               +--------+--------+--------+--------+--------+-----+--------+
         Total |   2471 |   2431 |     40 |    184 |   1781 |   4 |  617.8 |
       Dungeon |   2471 |   2431 |     40 |    184 |   1781 |   4 |  617.8 |
               +--------+--------+--------+--------+--------+-----+--------+

Top non-repeatable levels by time:
     D:3: 761 daAuts
     D:1: 747 daAuts
     D:2: 744 daAuts
     D:4: 218 daAuts
